 Dungeon Crawl Stone Soup version 0.30-a0-1124-g6e8f0f562f (webtiles) character file.

Game seed: 1798805091996711307

2012293 gremlins the Slayer (level 27, 238/238 HPs)
             Began as an Octopode Earth Elementalist on Apr 23, 2023.
             Was an Initiate of Gozag.
             Escaped with the Orb
             ... and 4 runes!
             The game lasted 03:51:12 (90367 turns).

gremlins the Slayer (Octopode Earth Elementalist)  Turns: 90367, Time: 03:51:12

Health: 238/238    AC:  9    Str: 11    XL:     27
Magic:  29/46      EV: 30    Int: 41    God:    Gozag
Gold:   1707       SH: 11    Dex: 23    Spells: 18/64 levels left

rFire   + + +        G - staff of conjuration
rCold   + . .        W - +3 buckler {AC+3}
rNeg    + + +        H - +1 hat of the Slug {rCorr}
rPois   +            q - amulet of magic regeneration
rElec   .            l - ring of Yshabor {rPois rF++ Str+5 Dex-2}
rCorr   +            e - ring of Huoqeuff {rC+ SInv}
SInv    +            r - +4 ring of protection
Will    +++..        s - ring "Repiest" {rN++ Dex+6}
Stlth   ++           Z - ring of Menirghutt {rF+ rC+ rN+ Str-2 Dex+3}
HPRegen 0.59/turn    I - ring of willpower
MPRegen 0.70/turn    F - ring of Baygapey {Fire Int+8}
                     j - +6 ring of intelligence

%: no passive effects
@: studying 3 skills
A: almost no armour, amphibious, 8 rings, camouflage 1, gelatinous body 1,
(nimble swimmer 1), tentacles, beak, agile 1, robust 1, screaming 2, weak 1
0: Orb of Zot
}: 4/15 runes: decaying, serpentine, slimy, silver
a: Renounce Religion, Potion Petition, Call Merchant, Bribe Branch


You escaped.
You worshipped Gozag.
Gozag was most pleased with you.
You visited 11 branches of the dungeon, and saw 53 of its levels.
You visited the Abyss 1 time.
You also visited: Trove, Gauntlet, Ice Cave, Volcano and Wizlab.

You collected 35418 gold pieces.
You spent 6595 gold pieces at shops.
You paid 27116 gold pieces to Gozag.

Inventory:

Armour
 H - the +1 hat of the Slug (worn) {rCorr}
   (You found it in a Gauntlet)

   rCorr:     It protects you from acid and corrosion.
 W - a +3 buckler of protection (worn)
Magical Staves
 G - a staff of conjuration (weapon)
 Y - a staff of fire
Jewellery
 e - the ring of Huoqeuff (right tentacle) {rC+ SInv}
   (You found it in a treasure trove)

   [ring of protection from cold]

   rC:        It protects you from cold.
   SInv:      It lets you see invisible.
 j - a +6 ring of intelligence (on tentacle)
 l - the ring of Yshabor (left tentacle) {rPois rF++ Str+5 Dex-2}
   (You bought it in a shop on level 4 of the Vaults)

   [ring of poison resistance]

   Str:       It affects your strength (+5).
   Dex:       It affects your dexterity (-2).
   rF:        It greatly protects you from fire.
   rPois:     It protects you from poison.
 q - an amulet of magic regeneration (around mantle)
 r - a +4 ring of protection (on tentacle)
 s - the ring "Repiest" (on tentacle) {rN++ Dex+6}
   (You took it off a deep elf knight on level 3 of the Elven Halls)

   [ring of dexterity]

   Dex:       It affects your dexterity (+6).
   rN:        It greatly protects you from negative energy.
 F - the ring of Baygapey (on tentacle) {Fire Int+8}
   (You found it in a treasure trove)

   [ring of fire]

   It enhances your fire magic.
   Int:       It affects your intelligence (+8).
   rF:        It protects you from fire.
   rC:        It makes you vulnerable to cold.
 I - a ring of willpower (on tentacle)
 K - a ring of ice
 O - a ring of magical power
 Z - the ring of Menirghutt (on tentacle) {rF+ rC+ rN+ Str-2 Dex+3}
   (You found it on level 2 of the Depths)

   [ring of protection from fire]

   Str:       It affects your strength (-2).
   Dex:       It affects your dexterity (+3).
   rF:        It protects you from fire.
   rC:        It protects you from cold.
   rN:        It protects you from negative energy.
Wands
 d - a wand of charming (82)
 m - a wand of polymorph (20)
 n - a wand of digging (27)
 p - a wand of mindburst (36)
 v - a wand of iceblast (58)
 S - a wand of acid (29)
 U - a wand of flame (60)
Scrolls
 b - 8 scrolls of fear
 c - 9 scrolls of silence
 f - 13 scrolls of fog
 o - 2 scrolls of amnesia
 t - 17 scrolls of teleportation
 y - 9 scrolls of brand weapon
 z - 6 scrolls of magic mapping
 D - 10 scrolls of enchant weapon
 E - 2 scrolls of blinking
 M - 44 scrolls of identify
 N - 7 scrolls of poison
 P - 6 scrolls of torment
 Q - 6 scrolls of enchant armour
 R - 5 scrolls of butterflies
Potions
 a - 9 potions of haste
 g - 22 potions of curing
 h - 7 potions of brilliance
 i - a potion of cancellation
 u - 8 potions of flight
 w - 5 potions of lignification
 x - 11 potions of attraction
 A - 10 potions of mutation
 B - 12 potions of resistance
 C - 13 potions of might
 J - 2 potions of magic
 T - 3 potions of berserk rage
 V - 3 potions of ambrosia
 X - 3 potions of invisibility


   Skills:
 - Level 25.3 Fighting
 - Level 5.0 Staves
 - Level 20.0 Dodging
 - Level 10.0 Stealth
 - Level 10.0 Shields
 + Level 19.3 Spellcasting
 - Level 17.0 Conjurations
 - Level 7.0 Translocations
 - Level 1.0 Transmutations
 - Level 20.0 Fire Magic
 - Level 17.0 Earth Magic
 - Level 5.0 Evocations


You had 18 spell levels left.
You knew the following spells:

 Your Spells              Type           Power      Damage    Failure   Level
a - Sandblast             Erth           100%       2d20      0%          1
b - Passwall              Tmut/Erth      70%        N/A       1%          2
c - Stone Arrow           Conj/Erth      100%       3d13      0%          3
d - Iskenderun's Mystic   Conj/Tloc      100%       2d19      1%          4
e - Starburst             Conj/Fire      81%        6d21      1%          6
f - Scorch                Fire           100%       2d9       0%          2
g - Fireball              Conj/Fire      81%        3d30      0%          5
h - Ignition              Fire           70%        3d19      1%          8
i - Orb of Destruction    Conj           66%        9d16      1%          7
j - Lehudib's Crystal Sp  Conj/Erth      66%        10d15     4%          8

Your spell library contained the following spells:

 Spells                   Type           Power      Damage    Failure   Level
 Magic Dart               Conj           100%       1d8       0%          1
 Searing Ray              Conj           100%       2d8       0%          2
 Volatile Blastmotes      Fire/Tloc      100%       2d18      0%          3
 Flame Wave               Conj/Fire      100%       2d21      0%          4
 Apportation              Tloc           100%       N/A       1%          1
 Beastly Appendage        Tmut           94%        N/A       1%          1
 Kiss of Death            Conj/Necr      100%       2d13      1%          1
 Slow                     Hex            100%       N/A       1%          1
 Sting                    Tmut/Pois      100%       1d8       1%          1
 Cigotuvi's Dreadful Rot  Necr/Pois/Air  78%        N/A       1%          2
 Lesser Beckoning         Tloc           100%       N/A       1%          2
 Poisonous Vapours        Pois/Air       78%        N/A       1%          2
 Static Discharge         Conj/Air       100%       2-7/arc   1%          2
 Wereblood                Tmut           47%        N/A       1%          2
 Dazzling Flash           Conj/Hex       100%       N/A       1%          3
 Gell's Gravitas          Tloc           77%        N/A       1%          3
 Hailstorm                Conj/Ice       100%       3d20      1%          3
 Ignite Poison            Fire/Tmut/Pois 98%        N/A       1%          3
 Mephitic Cloud           Conj/Pois/Air  92%        N/A       1%          3
 Portal Projectile        Hex/Tloc       100%       N/A       1%          3
 Spider Form              Tmut/Pois      43%        N/A       1%          3
 Teleport Other           Tloc           77%        N/A       1%          3
 Fulminant Prism          Conj/Hex       52%        3d22      1%          4
 Leda's Liquefaction      Hex/Erth       41%        N/A       1%          4
 Petrify                  Tmut/Erth      85%        N/A       1%          4
 Iskenderun's Battlesphe  Conj           100%       2d15      1%          5
 Lee's Rapid Deconstruct  Erth           54%        3d25*     1%          5
 Call Canine Familiar     Summ           39%        N/A       2%          3
 Confusing Touch          Hex            39%        N/A       2%          3
 Ozocubu's Armour         Ice            39%        N/A       2%          3
 Summon Guardian Golem    Hex/Summ       39%        N/A       2%          3
 Tukima's Dance           Hex            39%        N/A       2%          3
 Vampiric Draining        Necr           39%        2d8       2%          3
 Freezing Cloud           Conj/Ice/Air   46%        6-21      2%          5
 Statue Form              Tmut/Erth      56%        N/A       3%          6
 Summon Forest            Summ/Tloc      31%        N/A       5%          5
 Ice Form                 Ice/Tmut       43%        N/A       6%          4
 Dispersal                Tloc           38%        N/A       7%          6
 Airstrike                Air            19%        2d(3-19)  8%          4
 Anguish                  Hex/Necr       19%        N/A       8%          4
 Olgreb's Toxic Radiance  Pois           39%        N/A       8%          4
 Summon Ice Beast         Ice/Summ       39%        N/A       8%          4
 Summon Lightning Spire   Summ/Air       39%        N/A       8%          4
 Blade Hands              Tmut           23%        N/A       14%         5
 Alistair's Intoxication  Tmut/Pois      28%        N/A       19%         5
 Metabolic Englaciation   Hex/Ice        19%        N/A       22%         5
 Summon Mana Viper        Hex/Summ       39%        N/A       22%         5
 Shatter                  Erth           54%        3d41*     58%         9
 Eringya's Noxious Bog    Tmut/Pois      21%        N/A       69%         6
 Summon Cactus Giant      Summ           19%        N/A       77%         6
 Malign Gateway           Summ/Tloc      31%        N/A       85%         7
 Dragon Form              Tmut           23%        N/A       99%         7
 Storm Form               Tmut/Air       21%        N/A       99%         7
 Enfeeble                 Hex            19%        N/A       100%        7
 Haunt                    Necr/Summ      19%        N/A       100%        7
 Monstrous Menagerie      Summ           19%        N/A       100%        7
 Ozocubu's Refrigeration  Ice            19%        4d11      100%        7
 Summon Hydra             Summ           19%        N/A       100%        7
 Borgnjor's Revivificati  Necr           19%        N/A       100%        8
 Discord                  Hex            19%        N/A       100%        8
 Infestation              Necr           19%        N/A       100%        8
 Summon Horrible Things   Summ           19%        N/A       100%        8
 Chain Lightning          Conj/Air       52%        3d69      100%        9
 Death's Door             Necr           19%        N/A       100%        9
 Polar Vortex             Ice            19%        N/A       100%        9
 Animate Armour           Summ/Erth      Unusable   N/A       N/A         4
 Animate Dead             Necr           Unusable   N/A       N/A         4
 Simulacrum               Ice/Necr       Unusable   N/A       N/A         6

Dungeon Overview and Level Annotations

Branches:
Dungeon (15/15)            Temple (1/1) D:7            Lair (5/5) D:8
  Swamp (4/4) Lair:2        Snake (4/4) Lair:2        Slime (5/5) Lair:5
    Orc (2/2) D:11            Elf (3/3) Orc:2        Vaults (5/5) D:13
  Crypt (0/3) Vaults:2     Depths (4/4) D:15            Zot (5/5) Depths:4
  IceCv (visited)         Volcano (visited)          WizLab (visited)
Gauntlet (visited)

Altars:
Ashenzari
Cheibriados
Dithmenos
Elyvilon
Fedhas
Gozag
Hepliaklqana
Kikubaaqudgha
Makhleb
Nemelex Xobeh
Okawaru
Qazlal
Ru
Sif Muna
Trog
Uskayaw
Vehumet
Wu Jian
Xom
Yredelemnul
Zin
The Shining One
Jiyva

Shops:
D:1 [   D:2 (   D:4 =   D:6 !   D:7 (   D:11 =???*   D:15 [   Orc:1 =
Orc:2 [(*!**   Elf:2 (   Lair:2 *   Lair:5 ?   Snake:4 *   Vaults:1 [
Vaults:3 :   Vaults:4 (*([[   Zot:4 :   Depths:1 (   Depths:4 :=

Portals:
Hell: Depths:1 Depths:2 Depths:3 Depths:4
Abyss: Depths:3 Depths:4
Pandemonium: Depths:1 Depths:2
Ziggurat: Depths:3

Annotations:
Elf:2 3 runed translucent doors
Vaults:2 1 runed translucent door, Empuf's ghost, veteran AtFi
Depths:4 4 runed translucent doors
Zot:1 4 transporters
Zot:4 1 transporter


Innate Abilities, Weirdness & Mutations

You cannot wear most types of armour.
You are amphibious.
You can wear up to eight rings at the same time.
Your skin changes colour to match your surroundings (Stealth+).
Your rubbery body absorbs attacks. (AC +1, EV +1)
((You are camouflaged when in or above water. (Stealth+)))
You have tentacles for arms and can constrict up to eight enemies at once.
You have a beak for a mouth.
You are agile. (Dex +4, Str/Int -1)
You are robust. (+10% HP)
You frequently scream uncontrollably at your foes.
You are weak. (Str -2)


Message History

Casting: Starburst (safe; 1% risk of failure)
Press: ? - help, Dir - look around, f - activate You feel a strong surge of power!
The bolt of fire hits the cherub!!!
The cherub resists.
You kill the cherub!
Unknown command.
Casting: Starburst (safe; 1% risk of failure)
Confirm with . or Enter, or press ? or * to list all spells.
Casting: Starburst (safe; 1% risk of failure)
Press: ? - help, Dir - look around, f - activate You feel a strong surge of power!
The bolt of fire misses the sixfirhy.
Unknown command.
Casting: Starburst (safe; 1% risk of failure)
Confirm with . or Enter, or press ? or * to list all spells.
Casting: Starburst (safe; 1% risk of failure)
Press: ? - help, Dir - look around, f - activate You feel a strong surge of power!
The bolt of fire hits the sixfirhy!!!
You kill the sixfirhy!
Unknown command.
You now have 1707 gold pieces (gained 7).
Things that are here:
a +0 longbow; a +1 scimitar of flaming; a +0 robe Hit: G) staff of conjuration
Press: ? - help, Dir - move target, f - you
Okay, then.
Okay, then.
Aiming: Polymorph
Press: ? - help, Shift-Dir - straight line, f - you
Okay, then.
Unknown command.
Hit: G) staff of conjuration
Press: ? - help, Dir - move target, f - you
Okay, then.
Aiming: Dig
Press: ? - help, Shift-Dir - straight line A rock wall.
This square is covered in magical glow.
The rock shatters into small pieces.
There is a staircase leading out of the dungeon here.
You have escaped!

### ######### ..# #.......# ..#
#.......# ######## ..# ######
#.......# #......# ..# #....#
#.......#####.####.#
..####....####.............÷.....
.....'....+....#########.###.#..#
'#####....##....@....≈##.###.#...
.#.............#..#.##.#.#..##...
..........#.####.###≈≈#.#≈..##.#.
.)..#####+#.# #..#.###.#..#.#.#.
....# #.†...# ##.##.#.§≈....#...
....# #.....# #.##.####.##..#.##
....# #.....# ##..#.#..######...
....###.....# #...#..##..#.##.##
....+.#.....# ##.##.##.##.#.#>..


There were no monsters in sight!

Vanquished Creatures
  the Royal Jelly (Slime:5)
  2 ancient liches
  2 orbs of fire
  A juggernaut (Depths:3)
  Mennas (Vaults:2)
  A royal mummy (Depths:1)
  Sojobo (Depths:2)
  A Killer Klown (Zot:3)
  Parghit (Zot:3)
  6 caustic shrikes
  A curse toe (Zot:5)
  13 golden dragons
  Nikola (Depths:1)
  An electric golem (Zot:5)
  17 tentacled monstrosities
  Rupert (Lair:4)
  3 liches
  9 quicksilver dragons
  13 Orb Guardians
  6 titans
  12 acid blobs
  3 deep elf blademasters (Elf:3)
  2 deep elf master archers (Elf:3)
  3 death cobs
  Frances (Snake:2)
  6 sphinxes
  An Executioner (Depths:1)
  11 tengu reavers
  The ghost of Ofax the Covert, an adept VSFi of Uskayaw (Snake:4)
  Roxanne (Snake:2)
  17 storm dragons
  11 shadow dragons
  13 fire giants
  16 nagarajas
  7 azure jellies
  An azure jelly (shapeshifter) (Depths:4)
  The ghost of Glaciallarry the Abyss-Baptised, an adept DsGl of Lugonu (Swamp:2)
  4 draconian knights
  2 draconian monks
  A fenstrider witch (Swamp:2)
  4 frost giants
  22 vault wardens
  8 rockslimes
  13 deep elf sorcerers
  3 ghost moths
  An iron dragon (Vaults:4)
  8 deep elf elementalists
  5 draconian scorchers
  2 orc warlords (Vaults:2)
  4 draconian annihilators
  16 very ugly things
  5 draconian stormcallers
  4 draconian shifters
  A reaper (D:3)
  6 spriggan defenders
  5 war gargoyles
  13 quicksilver oozes
  26 ironbound preservers
  15 stone giants
  4 demonspawn corrupters (WizLab)
  7 ironbound thunderhulks
  7 deep elf demonologists
  16 black draconians
  8 vampire knights
  14 white draconians
  Azrael (Orc:1)
  2 spectral titans (Depths:1)
  13 green draconians
  14 purple draconians
  4 spark wasps (Depths:2)
  6 deep elf annihilators
  11 yellow draconians
  13 dire elephants
  4 eleionomae
  6 bunyips
  A minotaur (Gauntlet)
  The ghost of Ruczir the Severer, a journeyman MiFi of Okawaru (Lair:3)
  15 red draconians
  Josephine (Lair:3)
  3 crystal guardians
  5 deep elf death magi
  A merfolk javelineer (Depths:1)
  3 mummy priests (Depths:1)
  3 merfolk impalers
  12 ettins
  A spectral quicksilver dragon (Depths:1)
  8 deep elf high priests
  6 entropy weavers
  16 fire dragons
  5 rakshasas
  3 spectral spriggans (Depths:1)
  14 great orbs of eyes
  43 vault guards
  14 hydras
  17 yaktaur captains
  5 spriggan air magi
  Harold (Lair:1)
  7 ice dragons
  5 ghost crabs
  5 salamander tyrants (Snake:4)
  6 centaur warriors
  A spectral shadow dragon (Depths:1)
  3 ogre magi
  6 peacekeepers
  2 spectral tengu (Depths:1)
  10 ironbound frosthearts
  10 anacondas
  2 catoblepae (Lair:5)
  10 alligators
  5 boulder beetles
  13 two-headed ogres
  A spectral fire giant (Depths:1)
  17 dancing weapons
  7 tengu warriors
  3 merfolk aquamancers (WizLab)
  3 vampire magi
  3 death yaks
  17 naga warriors
  A spectral stone giant (Depths:1)
  An orc high priest (Elf:1)
  6 deep troll shamans
  8 deep troll earth magi
  8 shock serpents
  4 spriggan berserkers
  5 hell knights
  3 sun demons (Volcano)
  20 naga sharpshooters
  12 deep elf knights
  8 iron trolls
  12 spriggans
  6 fire crabs (D:10)
  A sixfirhy (D:1)
  4 skeletal warriors
  A death drake (Swamp:2)
  5 salamander mystics (Snake:4)
  3 glowing orange brains
  8 goliath frogs
  6 spriggan druids
  11 naga ritualists
  A cherub (D:1)
  85 deep trolls
  14 swamp dragons
  8 deep elf archers
  4 flayed ghosts
  20 wizards
  24 ironbound convokers
  2 obsidian statues
  Pikel (D:4)
  7 bog bodies
  5 phantasmal warriors
  14 lindwurms
  36 deep elf pyromancers
  13 mana vipers
  3 necromancers
  21 deep elf zephyrmancers
  A shining eye (shapeshifter) (Vaults:5)
  4 shining eyes
  2 wolf spiders (Lair:2)
  8 cyclopes
  2 spectral iron dragons (Depths:1)
  12 orc knights
  38 ugly things
  3 orc sorcerers
  4 will-o-the-wisps
  4 elephants
  4 manticores
  17 salamanders
  19 moths of wrath
  2 torpor snails
  45 black mambas
  2 water nymphs (shapeshifter)
  7 worldbinders
  An apocalypse crab (D:10)
  4 guardian serpents
  25 naga magi
  An ice statue (IceCv)
  3 eyes of devastation (Slime:5)
  7 cane toads
  29 vault sentinels
  Maggie (D:7)
  5 komodo dragons
  A cane toad (shapeshifter) (Depths:2)
  2 unseen horrors
  A kobold demonologist (D:12)
  A spectral glowing shapeshifter (Depths:1)
  An ice devil (Gauntlet)
  5 tengu conjurers
  32 yaktaurs
  A spectral human (Depths:1)
  3 efreet
  8 guardian mummies (Depths:1)
  16 trolls
  14 hornets
  25 polar bears
  A troll (shapeshifter) (Elf:3)
  3 bloated husks
  12 tyrant leeches
  A raiju (shapeshifter) (D:11)
  A dream sheep (Lair:3)
  A snapping turtle (shapeshifter) (Depths:4)
  4 blink frogs (Lair:3)
  114 slime creatures
  4 air elementals
  A jumping spider (Vaults:4)
  A small abomination (Abyss:2)
  9 wraiths
  9 wyverns
  11 water elementals
  2 shadows
  2 vampires
  Eustachio (D:4)
  3 basilisks
  8 steam dragons
  A fire bat (shapeshifter) (Depths:3)
  A redback (shapeshifter) (Depths:2)
  A neqoxec (Zot:5)
  34 yaks
  7 fire elementals
  3 redbacks
  17 vampire mosquitoes
  42 nagas
  12 swamp worms
  9 wargs
  2 acid dragons
  26 hell hounds
  A floating eye (Depths:2)
  9 water moccasins
  A floating eye (shapeshifter) (Vaults:2)
  12 black bears
  2 elephant zombies (Lair:4)
  20 orc warriors
  6 swamp drakes (Swamp:4)
  A tengu (shapeshifter) (D:14)
  10 boggarts
  30 ogres
  29 wolves
  4 centaurs
  A phantom (D:4)
  3 kobold brigands
  8 bullfrogs
  3 gnoll sergeants
  4 earth elementals
  2 scorpions (D:5)
  3 wights (D:8)
  16 killer bees
  10 howler monkeys
  2 electric eels (Lair:4)
  2 basilisk zombies (Lair:4)
  A quasit (D:4)
  Crazy Yiuf (D:4)
  3 hounds
  A jelly (D:8)
  7 orc priests
  2 gnoll boudas
  Jessica (D:3)
  A sleepcap (D:7)
  Terence (D:3)
  7 iguanas
  17 orc wizards
  15 adders
  21 gnolls
  3 shadow imps
  5 white imps
  5 ufetubi
  6 worms
  2 dart slugs (D:3)
  71 orcs
  8 bats
  9 endoplasms
  6 giant cockroaches
  4 goblins
  9 hobgoblins
  6 jackals
  16 kobolds
  6 quokkas
  6 ball pythons
  6 frilled lizards
  5 rats
  A spectral goblin (D:13)
  6 plants (Zot:4)
  A spectral weapon (Swamp:2)
  A starspawn tentacle (WizLab)
2334 creatures vanquished.

Vanquished Creatures (collateral kills)
  2 ancient liches (Zot:5)
  3 dread liches (Zot:5)
  2 Killer Klowns (Zot:5)
  2 golden dragons (Zot:5)
  10 Orb Guardians (Zot:5)
  A quicksilver dragon (Zot:5)
  2 storm dragons (Zot:5)
  A shadow dragon (Zot:5)
  A draconian shifter (Zot:5)
  2 green draconians (Zot:5)
  A yellow draconian (Zot:5)
27 creatures vanquished.

Vanquished Creatures (others)
  A dread lich (Zot:5)
  An ancient lich (Zot:5)
  A gnoll (Orc:2)
  An orc (Orc:2)
  A bush (Lair:1)
  4 demonic plants (D:4)
  17 foxfires
  18 fungi
  150 plants
  3 starspawn tentacles (WizLab)
  25 withered plants (Gauntlet)
222 creatures vanquished.

Grand Total: 2583 creatures vanquished

Notes
Turn   | Place    | Note
-------+----------+-------------------------------------------
     0 | D:1      | gremlins the Octopode Earth Elementalist began the quest
                  | for the Orb.
     0 | D:1      | Reached XP level 1. HP: 11/11 MP: 3/3
   209 | D:1      | Reached XP level 2. HP: 9/17 MP: 3/5
   260 | D:1      | Learned a level 2 spell: Passwall
   542 | D:1      | Reached XP level 3. HP: 21/21 MP: 4/6
   546 | D:1      | Learned a level 3 spell: Stone Arrow
   734 | D:1      | Found Gyddar's Antique Armour Shoppe.
  1209 | D:2      | Found Odoe's Antique Weapon Shoppe.
  1392 | D:2      | Reached skill level 1 in Conjurations
  1393 | D:2      | Reached XP level 4. HP: 24/27 MP: 1/8
  2031 | D:3      | Noticed Jessica
  2141 | D:3      | Noticed Terence
  2149 | D:3      | Killed Terence
  2150 | D:3      | Reached XP level 5. HP: 22/31 MP: 3/9
  2205 | D:3      | Found a large runed translucent door.
  2206 | D:3      | Found a large runed translucent door.
  2512 | D:3      | Found a faded altar of an unknown god.
  2728 | D:3      | Found an ancient bone altar of Kikubaaqudgha.
  2851 | D:3      | Killed Jessica
  3106 | D:3      | Found a sparkling altar of Nemelex Xobeh.
  3117 | D:3      | Found a hazy altar of Hepliaklqana.
  3349 | D:4      | Reached XP level 6. HP: 36/36 MP: 11/11
  3429 | D:4      | Noticed Eustachio
  3440 | D:4      | Noticed Pikel
  3448 | D:4      | Gained mutation: You are agile. (Dex +4, Str/Int -1)
                  | [potion of mutation]
  3448 | D:4      | Gained mutation: You have a beak for a mouth. [potion of
                  | mutation]
  3448 | D:4      | Gained mutation: You are robust. (+10% HP) [potion of
                  | mutation]
  3463 | D:4      | Killed Pikel
  3464 | D:4      | Reached skill level 5 in Spellcasting
  3464 | D:4      | Reached skill level 5 in Earth Magic
  3464 | D:4      | Reached XP level 7. HP: 41/45 MP: 2/15
  3560 | D:4      | Found a runed translucent door.
  3561 | D:4      | Noticed Crazy Yiuf
  3811 | D:4      | Found Hoehun's Jewellery Boutique.
  3873 | D:4      | Reached XP level 8. HP: 50/50 MP: 14/16
  4114 | D:4      | Killed Eustachio
  4115 | D:4      | Reached skill level 5 in Conjurations
  4466 | D:4      | Killed Crazy Yiuf
  4517 | D:5      | Entered Level 5 of the Dungeon
  4541 | D:5      | Got the Incunable of Lethal Alteration
  4877 | D:5      | Found a white marble altar of Elyvilon.
  5095 | D:5      | Noticed a wyvern
  5097 | D:5      | Killed a wyvern
  5299 | D:5      | Reached XP level 9. HP: 56/56 MP: 16/20
  5782 | D:6      | Found Mep Voyho's Distillery.
  5944 | D:6      | Found a snail-covered altar of Cheibriados.
  6444 | D:6      | Identified a scroll of acquirement
  6444 | D:6      | Acquired 587 gold pieces
  6485 | D:4      | Bought a +4 ring of protection for 432 gold pieces
  6485 | D:4      | Bought a +6 ring of dexterity for 432 gold pieces
  6555 | D:7      | Found Erphost's Antique Weapon Emporium.
  6607 | D:7      | Learned a level 4 spell: Iskenderun's Mystic Blast
  6747 | D:7      | Noticed Maggie
  6752 | D:7      | Killed Maggie
  7647 | D:7      | Found a staircase to the Ecumenical Temple.
  7782 | Temple   | Entered the Ecumenical Temple
  7789 | Temple   | Became a worshipper of Gozag Ym Sagoz the Greedy
  8213 | D:8      | Reached skill level 1 in Translocations
  8296 | D:8      | Reached XP level 10. HP: 41/61 MP: 23/23
  8902 | D:8      | Found a staircase to the Lair.
  9399 | D:1      | Bought a buckler for 112 gold pieces
  9744 | D:9      | Reached skill level 10 in Spellcasting
  9819 | D:9      | Reached skill level 5 in Translocations
  9829 | D:9      | Noticed a boulder beetle
  9829 | D:9      | Noticed a skeletal warrior
  9913 | D:9      | Killed a skeletal warrior
 10314 | D:9      | Noticed a manticore
 10321 | D:9      | Killed a manticore
 10322 | D:9      | Reached XP level 11. HP: 48/67 MP: 13/25
 11267 | D:10     | Entered Level 10 of the Dungeon
 11745 | D:10     | Reached skill level 10 in Conjurations
 11823 | D:10     | Noticed a manticore
 11830 | D:10     | Killed a manticore
 11831 | D:10     | Reached skill level 1 in Fighting
 11831 | D:10     | Reached skill level 1 in Shields
 11912 | D:10     | You are sucked into a shaft and drop 3 floors!
 12191 | D:10     | Found a runed translucent door.
 12289 | D:10     | Found a stormy altar of Qazlal.
 12296 | D:10     | Found a blossoming altar of Fedhas.
 12373 | D:10     | Noticed a fire crab
 12485 | Lair:1   | Entered Level 1 of the Lair of Beasts
 12758 | Lair:1   | Reached skill level 2 in Fighting
 12831 | Lair:1   | Found a snail-covered altar of Cheibriados.
 12963 | Lair:1   | Identified the +9 mace "Gosaem" {venom, Dex+2}
 12991 | Lair:1   | Reached skill level 5 in Stealth
 13195 | Lair:1   | Found the +3 greatsling "Punk" {acid, rCorr}
 13315 | Lair:1   | Noticed Harold
 13320 | Lair:1   | Killed Harold
 13321 | Lair:1   | Reached skill level 3 in Fighting
 13864 | Lair:2   | Noticed a wolf spider
 13876 | Lair:2   | Killed a wolf spider
 13877 | Lair:2   | Reached XP level 12. HP: 81/81 MP: 6/26
 13936 | Lair:2   | Reached skill level 4 in Fighting
 14170 | Lair:2   | Found a staircase to the Snake Pit.
 14276 | Lair:2   | Reached skill level 5 in Dodging
 14387 | Lair:2   | Reached skill level 5 in Fighting
 14391 | Lair:2   | Reached skill level 5 in Shields
 14874 | Lair:2   | Noticed a five-headed hydra
 14891 | Lair:2   | Killed a five-headed hydra
 14923 | Lair:2   | Noticed a seven-headed hydra
 14939 | Lair:2   | Killed a seven-headed hydra
 15099 | Lair:2   | Found a staircase to the Swamp.
 15432 | Lair:3   | Found a gate leading to a gauntlet.
 15447 | Gauntlet | Entered a Gauntlet
 15447 | Gauntlet | Found a transporter.
 15457 | Gauntlet | Found a transporter.
 15474 | Gauntlet | Found a transporter.
 15478 | Gauntlet | Found a transporter.
 15499 | Gauntlet | Found a transporter.
 15512 | Gauntlet | Found a transporter.
 15523 | Gauntlet | Noticed a blizzard demon
 15524 | Gauntlet | Noticed a large abomination
 15526 | Gauntlet | Found a transporter.
 15555 | Gauntlet | Found a transporter.
 15555 | Gauntlet | Found a transporter.
 15562 | Gauntlet | Found a transporter.
 15579 | Gauntlet | Noticed a thrashing horror
 15582 | Gauntlet | Noticed a thrashing horror
 15593 | Gauntlet | Found a transporter.
 15593 | Gauntlet | Found a transporter.
 15680 | Abyss:2  | Cast into level 2 of the Abyss (a wizard)
 15692 | Abyss:2  | Found a corrupted altar of Lugonu.
 15704 | Abyss:2  | Found a corrupted altar of Lugonu.
 15743 | Abyss:2  | Reached skill level 6 in Fighting
 15779 | Abyss:3  | Found a corrupted altar of Lugonu.
 15781 | Gauntlet | Escaped the Abyss
 15812 | Gauntlet | Identified the +1 hat of the Slug {rCorr}
 15856 | Gauntlet | Identified the +0 hat "Kaojid" {rC+ Str+4}
 15858 | Gauntlet | Noticed a minotaur
 16014 | Gauntlet | Identified the +1 morningstar "Qedoxta" {freeze, Int+3
                  | Dex-3 Stlth+}
 16030 | Gauntlet | Killed a minotaur
 16083 | Lair:3   | Found a runed translucent gate.
 16084 | Lair:3   | Found a runed translucent gate.
 16084 | Lair:3   | Found a runed translucent gate.
 16090 | Lair:3   | Noticed a death yak
 16090 | Lair:3   | Noticed Ruczir's ghost (journeyman MiFi)
 16319 | Lair:3   | Reached XP level 13. HP: 92/92 MP: 9/27
 16454 | Lair:3   | Noticed Josephine
 16981 | Lair:3   | Killed Josephine
 17414 | Lair:4   | Reached skill level 7 in Fighting
 17557 | Lair:4   | Found a frozen archway.
 17602 | Lair:4   | Reached skill level 10 in Stealth
 17643 | IceCv    | Entered an ice cave
 18503 | IceCv    | Reached skill level 8 in Fighting
 18736 | IceCv    | Noticed a frost giant
 18856 | IceCv    | Killed a frost giant
 19343 | IceCv    | Identified the staff of poison "Guprapp" {rPois rN+ Str+3
                  | Dex-3 SInv}
 19397 | Lair:4   | Noticed Rupert
 19400 | Lair:4   | Reached skill level 9 in Fighting
 19400 | Lair:4   | Reached XP level 14. HP: 106/106 MP: 28/28
 19847 | Lair:4   | Killed Rupert
 20089 | Lair:5   | Entered Level 5 of the Lair of Beasts
 20236 | Lair:5   | Found a dark tunnel.
 20259 | Volcano  | Entered a volcano
 20472 | Volcano  | Reached XP level 15. HP: 103/113 MP: 16/29
 20530 | Volcano  | Reached skill level 10 in Fighting
 20530 | Volcano  | Reached skill level 10 in Dodging
 20530 | Volcano  | Reached skill level 10 in Shields
 21032 | Lair:5   | Identified the +1 great mace of Xuuhe {vamp, rN+}
 21456 | Lair:5   | Found a staircase to the Slime Pits.
 24190 | D:10     | Identified the staff of air "Zuonluar" {rElec rCorr Str+5}
 24418 | D:11     | Learned a level 6 spell: Starburst
 24472 | D:11     | Reached skill level 1 in Evocations
 24493 | D:11     | Reached skill level 1 in Staves
 24868 | D:11     | Found a staircase to the Orcish Mines.
 24976 | D:11     | Identified the staff of conjuration "Iffarag" {MP+9 Int-5
                  | Dex+2}
 25694 | Orc:1    | Entered Level 1 of the Orcish Mines
 25731 | Orc:1    | Found Jedem's Jewellery Shop.
 25749 | Orc:1    | Bought a ring of magical power for 280 gold pieces
 25754 | Orc:1    | Bought a +6 ring of intelligence for 504 gold pieces
 26377 | Orc:2    | Entered Level 2 of the Orcish Mines
 26377 | Orc:2    | Found a staircase to the Elven Halls.
 26382 | Orc:2    | Noticed Azrael
 26927 | Orc:1    | Reached XP level 16. HP: 103/119 MP: 23/32
 26995 | Orc:1    | Reached skill level 5 in Evocations
 27141 | Orc:1    | Reached skill level 5 in Staves
 27142 | Orc:1    | Reached skill level 1 in Fire Magic
 27563 | Orc:1    | Killed Azrael
 28047 | Orc:2    | Reached skill level 5 in Fire Magic
 28206 | Orc:2    | Found Nasuuduw's Distillery.
 28207 | Orc:2    | Found Wepi's Assorted Antiques.
 28367 | Orc:2    | Found Oshofor's Weapon Boutique.
 28369 | Orc:2    | Bought 2 potions of haste for 360 gold pieces
 28369 | Orc:2    | Bought a potion of heal wounds for 90 gold pieces
 28374 | Orc:2    | Bought a potion of haste for 220 gold pieces
 28374 | Orc:2    | Bought 2 potions of heal wounds for 220 gold pieces
 28377 | Orc:2    | Found Fale's Antique Armour Emporium.
 28667 | D:11     | Bought a potion of brilliance for 44 gold pieces
 28667 | D:11     | Bought a potion of invisibility for 88 gold pieces
 28669 | D:11     | Bought a scroll of blinking for 97 gold pieces
 28669 | D:11     | Bought a scroll of teleportation for 39 gold pieces
 29250 | D:12     | Learned a level 2 spell: Scorch
 29603 | D:13     | Found a gate to the Vaults.
 30328 | D:13     | Found a hazy altar of Hepliaklqana.
 31023 | D:14     | Identified the +5 dagger of Izemmuax {speed, rF+ Str+2
                  | Dex-5}
 31295 | D:14     | Reached skill level 10 in Fire Magic
 31902 | D:15     | Entered Level 15 of the Dungeon
 32119 | D:15     | Reached XP level 17. HP: 126/126 MP: 32/33
 33180 | D:15     | Found a staircase to the Depths.
 33628 | Lair:2   | Bought a scroll of magic mapping for 240 gold pieces
 33630 | Snake:1  | Entered Level 1 of the Snake Pit
 33950 | Snake:1  | Identified the +0 ring mail of Inviolability {Harm Regen+
                  | Dex-2}
 35922 | Snake:2  | HP: 4/126 [naga sharpshooter/arrow (29)]
 37057 | Snake:2  | Noticed Frances
 37063 | Snake:2  | Killed Frances
 37133 | Snake:2  | Noticed Roxanne
 37153 | Snake:2  | Killed Roxanne
 37669 | Snake:3  | Reached XP level 18. HP: 126/132 MP: 23/35
 37942 | Snake:3  | Found the +3 pair of seven-league boots {Rampage+∞}
 39313 | Snake:4  | Entered Level 4 of the Snake Pit
 40327 | Snake:4  | Found a runed translucent gate.
 40327 | Snake:4  | Found an opulent altar of Gozag.
 40328 | Snake:4  | Found a runed translucent gate.
 40328 | Snake:4  | Found a runed translucent gate.
 40328 | Snake:4  | Noticed Ofax's ghost (adept VSFi)
 40335 | Snake:4  | Found Leciusaj's Assorted Antiques.
 40336 | Snake:4  | Found Efeudghe's Assorted Antiques.
 40347 | Snake:4  | Killed Ofax's ghost
 40348 | Snake:4  | Reached skill level 15 in Spellcasting
 40367 | Snake:4  | Bought a scroll labelled TUAMMURAFINT for 33 gold pieces
 40367 | Snake:4  | Bought a scroll of poison for 132 gold pieces
 40367 | Snake:4  | Bought a scroll of identify for 66 gold pieces
 40367 | Snake:4  | Bought a wand of acid (3) for 415 gold pieces
 40367 | Snake:4  | Bought a weird jewelled staff for 396 gold pieces
 40987 | Snake:4  | Identified the +3 ring mail of Worol {Will++}
 41158 | Snake:4  | Reached skill level 11 in Fighting
 41649 | Snake:4  | Got a serpentine rune of Zot
 42002 | Snake:4  | Reached XP level 19. HP: 113/141 MP: 36/38
 42556 | Snake:4  | Reached skill level 12 in Fighting
 43060 | Swamp:1  | Entered Level 1 of the Swamp
 44811 | Swamp:2  | Reached skill level 13 in Fighting
 45018 | Swamp:2  | Found a runed translucent door.
 45023 | Swamp:2  | Noticed Glaciallarry's ghost (adept DsGl)
 45299 | Swamp:2  | Identified the +5 spear of Doomed Fortitude {spect, rPois}
 45550 | Swamp:2  | Killed Glaciallarry's ghost
 46801 | Swamp:4  | Entered Level 4 of the Swamp
 47526 | Swamp:4  | Reached skill level 14 in Fighting
 47623 | Swamp:4  | Reached XP level 20. HP: 139/157 MP: 35/39
 48044 | Swamp:4  | Got a decaying rune of Zot
 48543 | Orc:2    | Bought a translucent platinum ring for 140 gold pieces
 48543 | Orc:2    | Identified the ring "Fahomelo" {Fire rPois rN+ rCorr
                  | Stlth-} (You bought it in a shop on level 2 of the Orcish
                  | Mines)
 48544 | Orc:2    | Bought a scroll of blinking for 210 gold pieces
 48544 | Orc:2    | Bought a potion of resistance for 280 gold pieces
 48546 | Orc:2    | Bought a potion of haste for 390 gold pieces
 48550 | Elf:1    | Entered Level 1 of the Elven Halls
 49671 | Elf:1    | Got the Codex of Familiar Conjuration
 49802 | Elf:1    | Reached skill level 15 in Fighting
 49802 | Elf:1    | Reached skill level 15 in Dodging
 50561 | Elf:2    | Got the Secrets of the Calid Snake
 50568 | Elf:2    | Learned a level 5 spell: Fireball
 51034 | Elf:2    | Found a runed translucent gate.
 51034 | Elf:2    | Found a runed translucent gate.
 51035 | Elf:2    | Found a runed translucent gate.
 51402 | Elf:2    | Found Bimaoxki's Weapon Shoppe.
 51540 | Elf:3    | Entered Level 3 of the Elven Halls
 51612 | Elf:3    | Paralysed by an air elemental for 1 turns
 51940 | Elf:3    | Identified the +6 halberd "Linwetis" {vamp, Int+7 Dex-5}
 52610 | Elf:3    | Reached skill level 16 in Fighting
 52795 | Elf:3    | Identified the +5 glaive of Quick Death {drain, MP+9 Int+6}
 52918 | Elf:3    | Reached XP level 21. HP: 145/169 MP: 8/40
 52987 | Elf:3    | Identified the +0 scimitar "Haweudug" {distort, rElec rCorr
                  | MP+9}
 53465 | Elf:3    | Identified the ring "Repiest" {rN++ Dex+6}
 53485 | Elf:3    | Identified the +3 mace "Fuliy" {venom, Will++ Str+3 Dex-5}
 53872 | Elf:3    | Identified the +0 helmet of Nobrev {rElec Will- Slay+2
                  | Stlth+}
 53994 | Elf:3    | Learned a level 8 spell: Ignition
 54334 | Depths:1 | Entered Level 1 of the Depths
 55069 | Lair:3   | Killed Ruczir's ghost
 55090 | Lair:3   | Got Zuresk's Lost Omnibus of the Loreminder
 55101 | Lair:3   | Learned a level 7 spell: Orb of Destruction
 55883 | Depths:1 | Found a gateway to Hell.
 56204 | Depths:1 | Noticed Nikola
 56210 | Depths:1 | Killed Nikola
 56337 | Depths:1 | Found Biadwam's Weapon Emporium.
 56375 | Depths:1 | Reached skill level 17 in Fighting
 56998 | Depths:1 | Found a one-way gate leading to the halls of Pandemonium.
 57178 | Depths:1 | Found the +8 Vampire's Tooth {megavamp}
 57312 | Depths:1 | Noticed a royal mummy
 57313 | Depths:1 | Reached skill level 15 in Fire Magic
 57731 | Depths:1 | Killed a royal mummy
 58167 | Depths:2 | Noticed Sojobo
 58202 | Depths:2 | Killed Sojobo
 58684 | Depths:2 | Reached XP level 22. HP: 179/179 MP: 38/41
 59043 | Depths:2 | Found a transporter.
 59046 | Depths:2 | Found a viscous altar of Jiyva.
 59661 | Depths:2 | Found a transporter.
 60101 | Depths:2 | Identified the ring of Trepidation {rN+ Slay+4}
 60129 | Depths:2 | Identified the ring of Menirghutt {rF+ rC+ rN+ Str-2 Dex+3}
 60163 | Depths:3 | Noticed a caustic shrike
 60205 | Depths:2 | Killed a caustic shrike
 62582 | Depths:3 | Found a one-way gateway to a ziggurat.
 62626 | Depths:3 | Noticed a golden dragon
 62631 | Depths:3 | Killed a golden dragon
 62729 | Depths:3 | Found a one-way gate to the infinite horrors of the Abyss.
 63293 | Depths:3 | Noticed a juggernaut
 63305 | Depths:3 | Killed a juggernaut
 63606 | Depths:4 | Entered Level 4 of the Depths
 63620 | Depths:4 | Reached skill level 15 in Conjurations
 63732 | Depths:4 | Found Dobuhar's Jewellery Boutique.
 63770 | Depths:4 | Noticed a golden dragon
 63838 | Depths:4 | Noticed a caustic shrike
 63840 | Depths:4 | Noticed a caustic shrike
 63840 | Depths:4 | Noticed a caustic shrike
 63840 | Depths:4 | Noticed a caustic shrike
 63842 | Depths:4 | Noticed a caustic shrike
 63848 | Depths:4 | Killed a caustic shrike
 63849 | Depths:4 | Reached XP level 23. HP: 185/185 MP: 40/44
 63849 | Depths:4 | Killed a caustic shrike
 63851 | Depths:4 | Killed a caustic shrike
 63852 | Depths:4 | Killed a caustic shrike
 63852 | Depths:4 | Killed a caustic shrike
 64304 | Depths:4 | Noticed a golden dragon
 64347 | Depths:4 | Noticed a golden dragon
 64352 | Depths:4 | Killed a golden dragon
 64432 | Depths:4 | Noticed a golden dragon
 64442 | Depths:4 | Killed a golden dragon
 64732 | Depths:4 | Noticed a golden dragon
 64769 | Depths:4 | Killed a golden dragon
 65578 | Depths:4 | Found a runed translucent door.
 65581 | Depths:4 | Found a runed translucent door.
 65611 | Depths:4 | Found a gate to the Realm of Zot.
 65753 | Depths:4 | Found a runed translucent door.
 65762 | Depths:4 | Killed a golden dragon
 65845 | Depths:4 | Found a runed translucent door.
 65865 | Depths:4 | Found a runed translucent door.
 65939 | Depths:4 | Found a runed translucent door.
 66092 | Depths:4 | Killed a golden dragon
 66784 | Slime:1  | Entered Level 1 of the Pits of Slime
 66784 | Slime:1  | You fall into a shaft and drop 1 floor!
 66927 | Slime:1  | Gained mutation: You sometimes lose your temper in combat.
                  | [a shining eye]
 67255 | Slime:3  | Gained mutation: Your spells are a little harder to cast,
                  | but a little more powerful. [a shining eye]
 67365 | Slime:3  | Gained mutation: You occasionally shout uncontrollably at
                  | your foes. [a shining eye]
 67529 | Slime:5  | Entered Level 5 of the Pits of Slime
 67612 | Slime:5  | Gained mutation: You are dopey. (Int -2) [a shining eye]
 67811 | Slime:4  | Lost mutation: Your spells are a little harder to cast, but
                  | a little more powerful. [potion of mutation]
 67811 | Slime:4  | Lost mutation: You are dopey. (Int -2) [potion of mutation]
 67811 | Slime:4  | Lost mutation: You sometimes lose your temper in combat.
                  | [potion of mutation]
 67986 | Slime:5  | Noticed the Royal Jelly
 68011 | Slime:5  | Killed the Royal Jelly
 68132 | Slime:5  | Identified the +10 plate armour of Failure {rF+ rN+ Str+2
                  | Int+2}
 68133 | Slime:5  | Identified the +1 steam dragon scales "Cabum" {rF- Int+4}
 68143 | Slime:5  | Got the Lessons on Firn and Combustion
 68154 | Slime:5  | Got the Omnibus of Ectoplasm
 68396 | Slime:5  | Identified the staff of earth "Xodatweo" {rC+ Dex+2}
 68403 | Slime:5  | Got a slimy rune of Zot
 68423 | Slime:5  | Identified the staff of poison "Upruheti" {rPois Stlth+}
 68432 | Slime:5  | Got Roxanne's Omnibus of Detritus and the Shift
 68433 | Slime:5  | Identified the +6 glaive of Gehenna {venom, Drain Will+
                  | Int+5 SInv}
 68451 | Slime:5  | Got the Tractate on Energy and Vapour
 68460 | Slime:5  | Got the Papyrus of Lamentation and Charms
 68580 | Lair:5   | Bought 2 scrolls of blinking for 180 gold pieces
 68580 | Lair:5   | Bought a scroll of magic mapping for 90 gold pieces
 68580 | Lair:5   | Bought a scroll of teleportation for 36 gold pieces
 68580 | Lair:5   | Bought a scroll of blinking for 90 gold pieces
 68580 | Lair:5   | Bought a scroll of teleportation for 36 gold pieces
 68811 | Vaults:1 | Entered Level 1 of the Vaults
 68890 | Vaults:1 | Found a magical portal.
 68899 | WizLab   | Entered Alistair's Party Mansion
 69252 | WizLab   | Reached XP level 24. HP: 193/194 MP: 32/45
 70188 | WizLab   | Got the Incunabulum of Changed Impurities
 70194 | WizLab   | Acquired 979 gold pieces
 70682 | Vaults:1 | Reached skill level 18 in Fighting
 70985 | Vaults:1 | Found Xoiwut's Armour Boutique.
 72583 | Vaults:2 | Found a staircase to the Crypt.
 72583 | Vaults:2 | Found an ancient bone altar of Kikubaaqudgha.
 72583 | Vaults:2 | Found a basalt altar of Yredelemnul.
 72781 | Vaults:2 | Found a runed translucent door.
 72781 | Vaults:2 | Noticed Empuf's ghost (veteran AtFi)
 73316 | Vaults:2 | Reached skill level 19 in Fighting
 74128 | Vaults:2 | Found a portal to a secret trove of treasure.
 74132 | Vaults:2 | You showed the slimy rune of Zot to enter a treasure trove
 74133 | Trove    | Entered a treasure trove
 74145 | Trove    | Identified the ring of Huoqeuff {rC+ SInv}
 74146 | Trove    | Identified the ring of Baygapey {Fire Int+8}
 74147 | Trove    | Identified the ring "Fotuph" {rF+ Str+6 Int+3}
 74148 | Trove    | Identified the ring "Okkykhlump" {Fire rElec rPois rN+
                  | Will-}
 74149 | Trove    | Identified the ring of Peace {Int+2 Slay+4}
 74155 | Trove    | Identified the ring of Obsession {rN+ Str+4 Int+5 Slay-3}
 74156 | Trove    | Identified the ring of Symmetry {Fire rPois rN+ SInv}
 74158 | Trove    | Identified the ring of Butchery {Wiz rN+ Will+ Int+3}
 74225 | Vaults:2 | Noticed Mennas
 74234 | Vaults:2 | Killed Mennas
 74336 | Vaults:2 | Reached XP level 25. HP: 206/206 MP: 31/45
 75161 | Vaults:3 | Reached skill level 20 in Fighting
 75630 | Vaults:3 | Identified the +9 scimitar of Rufiy {flame, rCorr}
 75685 | Vaults:3 | Acquired 784 gold pieces
 76435 | Vaults:3 | Reached skill level 21 in Fighting
 76890 | Vaults:4 | Found Doth's Armour Shop.
 77607 | Vaults:4 | Reached skill level 22 in Fighting
 77923 | Vaults:4 | Found Laiwox's Weapon Boutique.
 78312 | Vaults:4 | Found Yxodwudegh's Weapon Boutique.
 78465 | Vaults:4 | Found Ziniupno's Antique Armour Emporium.
 79060 | Vaults:5 | Entered Level 5 of the Vaults
 79061 | Vaults:5 | Noticed an ancient lich
 79062 | Vaults:5 | Reached skill level 23 in Fighting
 79062 | Vaults:5 | Reached XP level 26. HP: 225/225 MP: 45/45
 79095 | Vaults:5 | Killed an ancient lich
 79416 | Vaults:5 | Reached skill level 24 in Fighting
 79599 | Vaults:5 | Identified the +1 scimitar of an ossuary {pain, rF+ Will-
                  | rCorr Str+3}
 80423 | Vaults:5 | Got the Papyrus of Sculpting
 80434 | Vaults:5 | Found the amulet of the Four Winds {rN+ Will+++ Clar}
 80441 | Vaults:5 | Identified the staff of poison "Quyc" {rPois rF+ rC- rN+}
 80444 | Vaults:5 | Got the Anthology of the Allied Inferno
 80454 | Vaults:5 | Identified the +3 whip of the Conjuring Enemy {vamp, rC++
                  | Stlth+}
 80567 | Vaults:5 | Identified the +6 great mace "Ycizomir" {vamp, rElec rF+
                  | SInv}
 80996 | Vaults:4 | Bought a pitted turquoise ring for 230 gold pieces
 80996 | Vaults:4 | Identified the ring of Yshabor {rPois rF++ Str+5 Dex-2}
                  | (You bought it in a shop on level 4 of the Vaults)
 80996 | Vaults:4 | Bought a scroll of blinking for 345 gold pieces
 80996 | Vaults:4 | Bought a potion of brilliance for 184 gold pieces
 80996 | Vaults:4 | Bought a potion of brilliance for 184 gold pieces
 81071 | Vaults:5 | Reached skill level 25 in Fighting
 81169 | Vaults:5 | Got Sif Muna's Vademecum on Beguiling and Flesh
 81188 | Vaults:5 | Identified the +1 scimitar "Qususysmug" {drain, rPois rC+
                  | Will+ Dex-4}
 81746 | Vaults:5 | Identified the staff of poison "Puwat" {+Blink rPois MP+9
                  | Str+4}
 81748 | Vaults:5 | Got a silver rune of Zot
 81947 | Vaults:5 | Learned a level 8 spell: Lehudib's Crystal Spear
 82265 | Zot:1    | Entered Level 1 of the Realm of Zot
 82288 | Zot:1    | Found a transporter.
 82616 | Zot:1    | Found a transporter.
 82630 | Zot:1    | Found a transporter.
 83035 | Zot:1    | Reached XP level 27. HP: 238/238 MP: 19/45
 83067 | Zot:1    | Reached skill level 10 in Earth Magic
 83500 | Zot:1    | Found a transporter.
 86475 | Zot:3    | Noticed an orb of fire
 86477 | Zot:3    | Gained mutation: You are weak. (Str -2) [an orb of fire]
 86478 | Zot:3    | Gained mutation: You frequently scream uncontrollably at
                  | your foes. [an orb of fire]
 86479 | Zot:3    | Killed an orb of fire
 87024 | Zot:3    | Noticed Parghit
 87035 | Zot:3    | Killed Parghit
 87429 | Zot:4    | Reached skill level 15 in Earth Magic
 88320 | Zot:4    | Noticed a dread lich
 88347 | Zot:4    | Noticed a dread lich
 88518 | Zot:4    | Found a transporter.
 88526 | Zot:4    | Got the Discourse on Subzero Adjuration
 88534 | Zot:4    | Identified the +1 cloak of Fae Brilliance {rF- Str+2 Int+5}
 88606 | Zot:5    | Entered Level 5 of the Realm of Zot
 89503 | Zot:5    | Noticed an ancient lich
 89510 | Zot:5    | Killed an ancient lich
 89522 | Zot:5    | Noticed an ancient lich
 89666 | Zot:5    | Noticed a dread lich
 89669 | Zot:5    | Noticed an orb of fire
 89669 | Zot:5    | Noticed a dread lich
 89670 | Zot:5    | Noticed an ancient lich
 89671 | Zot:5    | Killed a dread lich
 89673 | Zot:5    | Killed an ancient lich
 89674 | Zot:5    | Noticed an orb of fire
 89679 | Zot:5    | Killed an orb of fire
 89687 | Zot:5    | Noticed an ancient lich
 89694 | Zot:5    | Killed an ancient lich
 89719 | Zot:5    | Noticed a dread lich
 89722 | Zot:5    | Paralysed by a dread lich for 3 turns
 89726 | Zot:5    | Killed a dread lich
 89789 | Zot:5    | Noticed a dread lich
 89790 | Zot:5    | Noticed an orb of fire
 89793 | Zot:5    | Got the Orb of Zot
 89793 | Zot:5    | Killed a dread lich
 89805 | Zot:5    | Noticed an ancient lich
 90316 | D:2      | Noticed Mitulatwex the pandemonium lord
 90367 | D:$      | Escaped with the Orb!

Illustrated notes

Levels and vault maps discovered:
D:1:      dpeg_arrival_brainrot, layout_basic, serial_shops, shop,
          minmay_misc_feat_five
D:2:      layout_basic, serial_shops, shop, chequers_mini_garden
D:3:      layout_basic, lemuel_doored_altar, jmf_multi_god_temple2,
          basic_ecumenical_altar, uniq_jessica, uniq_terence
D:4:      layout_basic, serial_shops, shop, serial_demonic, serial_demonic_a,
          serial_demonic_b, serial_demonic_b, serial_demonic_c, uniq_pikel,
          uniq_crazy_yiuf_cottage, uniq_eustachio
D:5:      layout_loops_corners, elyvilon_altar_1, minmay_misc_feat_tiny
D:6:      layout_basic, lemuel_crystal_altar, serial_shops,
          nicolae_shop_hallway_plus
D:7:      layout_basic, minmay_temple_entry_proselytizer, serial_shops, shop,
          nicolae_lava_and_water, uniq_maggie
D:8:      layout_rooms, david_lair_shrubbed, serial_rivers,
          chequers_serial_rivers_micro_a, chequers_serial_rivers_room_b,
          chequers_serial_rivers_marsh, chequers_serial_rivers_marsh,
          chequers_serial_rivers_room_a, chequers_serial_rivers_micro_a
D:9:      minmay_chambers_of_sixes, layout_basic
D:10:     gammafunk_mikee_crab_dinner, layout_long_grid,
          grunt_temple_overflow_forces_of_nature
D:11:     minmay_the_grid_octo_triangle [minmay_the_grid_octo_odd_swirl,
          minmay_the_grid_octo_prize_big_c, minmay_the_grid_octo_fan_narrow],
          layout_small_grid, minmay_orc_entry_temple_small
D:12:     layout_irregular_city, kennysheep_generic_room_10
D:13:     layout_basic, skrybe_vaults_entry_preservation,
          nicolae_hepliaklqana_monster_ancestors
D:14:     layout_loops_ring, hangedman_decor_push, grunt_tough_drop
D:15:     hangedman_depths_entry_civil_slaughter, layout_basic,
          dreamdust_wishing_well, wad_dig_loot
Temple:   nicolae_temple_no_exploring_needed
Lair:1:   layout_roguey, basic_altar, wad_woods_06, infiniplex_staircase_pool_2,
          uniq_harold
Lair:2:   minmay_lair_venomous_thicket, layout_cave_pods,
          palyth_hydra_swamp_entry, minmay_snake_entry_guardpost_medium,
          minmay_lindwurm_lava
Lair:3:   layout_cave_shapes, gauntlet_entry_generic, gammafunk_ghost_split,
          infiniplex_staircase_pool, grunt_megastairs_4, uniq_josephine
Lair:4:   pond_and_an_island_with_a_cottage, layout_long_grid,
          portal_ice_cave_entry_pillars_1, st_stairs_3, uniq_rupert
Lair:5:   hangedman_lair_caniforms_friends, layout_cave_pods, slime_entry_1,
          enter_volcano_3
Swamp:1:  layout_basic_swamp, evilmike_swamp_ruin_rubble_2, swamp_pool2
Swamp:2:  layout_basic_swamp, ebering_ghost_funeral_grove,
          hangedman_swamp_blocks
Swamp:3:  layout_basic_swamp, evilmike_swamp_ruin_house_1
Swamp:4:  swamp_alternative, layout_basic_swamp, swamp_pool1
Snake:1:  layout_cave_pods, nicolae_snake_snakes_in_the_grass,
          grunt_megastairs_2, lemuel_fruit_tree
Snake:2:  layout_layer_cave, uniq_roxanne, uniq_frances
Snake:3:  layout_cave_town
Snake:4:  grunt_snake_rune_spirals, layout_onion_interference,
          ebering_ghost_gozag
Slime:1:  layout_caves, cheibrodos_slime_lost_civilization_5
Slime:2:  layout_caves
Slime:3:  layout_caves
Slime:4:  layout_caves, uniq_dissolution
Slime:5
Orc:1:    layout_diamond_mine, serial_shops, nicolae_shop_window_shopping,
          basic_altar
Orc:2:    st_orc_open, layout_caves, special_room, uniq_azrael
Elf:1:    eino_elf_arrival_customs, layout_loops_ring, minmay_elf_sorcery,
          grunt_ministairs_14
Elf:2:    nicolae_elf_blades_splatter_lattice
          [nicolae_blade_entry_crossed_weapons], layout_geoelf_diagonals,
          serial_shops, nicolae_shop_back_alley_shop, uniq_zenata
Elf:3:    minmay_elf_hall_not_hex, layout_rooms
Vaults:1: mu_enter_wizlab_4, ontoclasm_vaults_eye, ontoclasm_vaults_fault,
          vaults_dpeg_cross, hangedman_vaults_stitches,
          nicolae_vaults_little_squares_3, v_misc_4, vaults_room_guarded_vault,
          nicolae_vaults_hallways_thing, vaults_dpeg_encased_lava,
          nicolae_vaults_shelves_hall, hangedman_vaults_maws, vaults_dpeg_ring,
          vaults_room_pools, ontoclasm_vaults_shuriken, layout_vaults_omnicross,
          serial_shops, nicolae_shop_pleasant_corner_grove
Vaults:2: gammafunk_ghost_grave, nicolae_vaults_little_ls,
          minmay_crypt_entry_necro_gods, vaults_room_ringed_pool,
          grunt_vaults_twisty, v_rooms_1, grunt_vaults_trifunnel,
          hangedman_vaults_impose, hangedman_vaults_stream,
          nicolae_vaults_what_the_h, nicolae_vaults_arrows,
          grunt_vaults_hallway_long, nicolae_vaults_big_angled_halls,
          ontoclasm_vaults_decontamination, vaults_dpeg_hooks,
          vaults_room_stairs_pillars, layout_vaults_maze_bifur, enter_trove_5,
          uniq_mennas
Vaults:3: v_misc_18, nicolae_vaults_network_quincunx
          [nicolae_vaults_network_quincunx_subvault,
          nicolae_vaults_network_quincunx_subvault,
          nicolae_vaults_network_quincunx_subvault,
          nicolae_vaults_network_quincunx_subvault,
          nicolae_vaults_network_quincunx_subvault], ontoclasm_vaults_twist,
          vaults_mumra_lcd, hangedman_vaults_trim, v_pattern_5, v_misc_19,
          v_rooms_4, vaults_standard_mumra_enter_the_diamond,
          vaults_room_door_ring, layout_vaults_omnibox
Vaults:4: v_alt_pattern_2, dpeg_vaults_pockets_of_resistance, v_alt_pattern_3,
          v_misc_30, nicolae_vaults_yaktaur_gun_rack, v_misc_27,
          ontoclasm_vaults_hangar, v_misc_14, v_misc_17, ontoclasm_vaults_chip,
          v_pattern_3, layout_vaults_omnigrid, serial_shops, shop,
          nicolae_shop_just_a_little_nook, shop, shop
Vaults:5: serial_shops
Depths:1: lemuel_minitomb, layout_gridlike, grunt_pan_entry_zigzag,
          serial_shops, nicolae_shop_just_a_little_nook,
          hangedman_tar_grid_catacomb, minmay_guarded_unrand_vampires_tooth,
          serial_bayou_shore_a, serial_bayou_shore_b, uniq_nikola
Depths:2: gammafunk_jiyva_shrine, layout_cave_shapes, minmay_misc_feat_iff,
          rand_demon_pan_entry_7, pf_coc_iceberg, uniq_sojobo
Depths:3: kennysheep_water_balloons, layout_cave_pools, enter_ziggurat_b,
          minmay_misc_feat_square, pf_vacation_house_of_asmodeus,
          abyss_entry_crystal, evilmike_ambush [evilmike_ambush_outer_pillars,
          evilmike_ambush_inner_cross], serial_bayou_shore_b
Depths:4: evilmike_zot_entry_castle, layout_honeycomb, grunt_hell_horde,
          serial_shops, nicolae_shop_gaudy_bauble, abyss_entry,
          minmay_misc_feat_secret_circle
Zot:1:    layout_misc_corridors, nicolae_transporter_intersection,
          grunt_megastairs_5
Zot:2:    layout_cathedral_of_symmetry, st_single_dragon_hoard_4,
          grunt_megastairs_3
Zot:3:    layout_onion_interference, uniq_parghit
Zot:4:    gammafunk_the_bubble [the_bubble_gammafunk_crates], layout_gridlike
Zot:5:    layout_basic, st_stairs_13

Skill      XL: |  1  2  3  4  5  6  7  8  9 10 11 12 13 14 15 16 17 18 19 20 21 22 23 24 25 26 27 |
---------------+----------------------------------------------------------------------------------+-----
Conjurations   | 1 2 3 4 5 7 8 10 12 14 15 17 | 17.0
Spellcasting   | 3 5 7 9 10 12 13 15 17 18 19 | 19.3
Earth Magic    | 4 5 7 9 17 | 17.0
Translocations | 2 6 7 |  7.0
Stealth        | 6 9 10 | 10.0
Fighting       | 3 6 9 10 11 14 16 17 19 23 25 | 25.3
Shields        | 3 6 9 10 | 10.0
Dodging        | 4 6 9 10 11 14 16 17 19 20 | 20.0
Evocations     | 4 5 |  5.0
Staves         | 4 5 |  5.0
Fire Magic     | 10 12 14 15 17 19 20 | 20.0
Transmutations | |  1.0

Action                     |  1- 3 |  4- 6 |  7- 9 | 10-12 | 13-15 | 16-18 | 19-21 | 22-24 | 25-27 || total
---------------------------+-------+-------+-------+-------+-------+-------+-------+-------+-------++-------
  Melee: Short sword       |    23 |    65 |    68 |    36 |       |       |       |       |       ||   192
         Constrict         |     2 |    18 |    19 |    13 |    18 |    16 |    21 |     9 |    20 ||   136
         Tentacles         |     5 |    13 |    19 |    16 |    33 |    46 |    39 |    74 |    74 ||   319
         Punch             |       |     4 |       |       |     4 |       |     3 |     6 |     2 ||    19
         Peck              |       |       |    20 |    16 |    42 |    35 |    40 |    68 |    87 ||   308
         Staff             |       |       |       |    27 |   105 |   117 |   108 |   157 |   155 ||   669
   Cast: Sandblast         |    38 |    47 |    35 |     2 |     1 |       |       |       |       ||   123
         Stone Arrow       |       |     5 |    64 |   279 |   482 |   126 |    29 |       |       ||   985
         Iskenderun's Myst |       |       |       |    34 |    81 |   105 |   114 |    38 |    25 ||   397
         Starburst         |       |       |       |       |       |   299 |   343 |   253 |   250 ||  1145
         Scorch            |       |       |       |       |       |   118 |    62 |     2 |     5 ||   187
         Fireball          |       |       |       |       |       |       |    85 |    77 |    50 ||   212
         Orb of Destructio |       |       |       |       |       |       |    55 |   180 |   163 ||   398
         Ignition          |       |       |       |       |       |       |     5 |    85 |   144 ||   234
         Lehudib's Crystal |       |       |       |       |       |       |       |       |     7 ||     7
 Invoke: Call Merchant     |       |       |       |       |       |     6 |     3 |     2 |     3 ||    14
         Potion Petition   |       |       |       |       |       |       |       |       |     3 ||     3
         Bribe Branch      |       |       |       |       |       |       |       |       |     1 ||     1
  Evoke: Box of beasts     |       |       |       |       |     1 |       |       |       |       ||     1
         Tin of tremorston |       |       |       |       |     1 |       |       |       |       ||     1
         Wand              |       |       |       |       |       |       |       |       |     1 ||     1
    Use: Scroll            |       |     9 |     6 |    10 |     4 |     2 |    11 |     3 |     9 ||    54
         Potion            |       |     5 |     2 |     6 |     8 |     5 |     5 |    13 |    12 ||    56
   Stab: Sleeping          |     6 |     7 |     3 |     2 |     1 |     7 |     2 |     5 |     2 ||    35
         Distracted        |       |       |       |     2 |     2 |     2 |     1 |     2 |     4 ||    13
 Armour: Skin              |     1 |    19 |    20 |    31 |    42 |    33 |    19 |    27 |    25 ||   217
  Dodge: Dodged            |    11 |    44 |    89 |    97 |   251 |   289 |   240 |   328 |   334 ||  1683
  Block: Buckler           |       |       |       |    35 |   148 |   188 |   111 |   129 |   120 ||   731

Table legend: (Time is in decaauts)
 A = Elapsed time spent in this place.
 B = Non-inter-level travel time spent in this place.
 C = Inter-level travel time spent in this place.
 D = Time resting spent in this place.
 E = Time spent auto-exploring this place.
 F = Levels seen in this place.
 G = Mean time per level.
                   A        B        C        D        E       F      G
               +--------+--------+--------+--------+--------+-----+--------+
         Total |  90479 |  78800 |  11679 |  31986 |  32841 |  60 | 1508.0 |
       Dungeon |  21877 |  18757 |   3120 |   5450 |  10581 |  15 | 1458.5 |
        Temple |     14 |      2 |     12 |      0 |      0 |   1 |   14.0 |
          Lair |   8474 |   6146 |   2328 |   1801 |   3163 |   5 | 1694.8 |
         Swamp |   5155 |   4809 |    346 |   2325 |   1791 |   4 | 1288.8 |
     Snake Pit |   9338 |   8287 |   1051 |   4001 |   2798 |   4 | 2334.5 |
    Slime Pits |   1801 |   1520 |    281 |   1108 |      0 |   5 |  360.2 |
  Orcish Mines |   3158 |   2818 |    340 |   1166 |   1298 |   2 | 1579.0 |
   Elven Halls |   5537 |   4714 |    823 |   2299 |   1617 |   3 | 1845.7 |
        Vaults |  11790 |  11181 |    609 |   3976 |   5554 |   5 | 2358.0 |
        Depths |  11437 |   9923 |   1514 |   5104 |   3336 |   4 | 2859.2 |
           Zot |   7657 |   6405 |   1252 |   2780 |   2524 |   5 | 1531.4 |
         Abyss |    100 |    100 |      0 |     53 |      0 |   2 |   50.0 |
         Trove |     54 |     54 |      0 |      0 |      0 |   1 |   54.0 |
      Ice Cave |   1728 |   1728 |      0 |    818 |     19 |   1 | 1728.0 |
       Volcano |    471 |    471 |      0 |    159 |      0 |   1 |  471.0 |
        Wizlab |   1385 |   1385 |      0 |    792 |      1 |   1 | 1385.0 |
      Gauntlet |    495 |    495 |      0 |    150 |    159 |   1 |  495.0 |
               +--------+--------+--------+--------+--------+-----+--------+

Top non-repeatable levels by time:
Depths:2: 3754 daAuts
Vaults:4: 3651 daAuts
 Snake:4: 3616 daAuts
Depths:1: 3166 daAuts
Depths:4: 2929 daAuts
 Snake:1: 2589 daAuts
   Orc:1: 2559 daAuts
Vaults:2: 2474 daAuts
   Zot:2: 2424 daAuts
    D:10: 2345 daAuts
  Lair:5: 2343 daAuts
  Lair:2: 2239 daAuts
    D:15: 2130 daAuts
Vaults:1: 2124 daAuts
   Elf:1: 1956 daAuts
